 Dungeon Crawl Stone Soup version 0.26-a0-863-g3bff4b2 (webtiles) character file.

Game seed: 15009460882429887629

42 Crossell the Skirmisher (level 3, -2/37 HPs)
             Began as a Troll Berserker on Nov 25, 2020.
             Was a Believer of Trog.
             Slain by a gnoll
             ... wielding a cursed -3 flail
              (6 damage)
             ... on level 2 of the Dungeon.
             The game lasted 00:08:21 (1297 turns).

Crossell the Skirmisher (Troll Berserker)           Turns: 1297, Time: 00:08:23

Health: -2/37      AC:  6    Str: 26    XL:     3   Next: 35%
Magic:  2/2        EV: 10    Int:  3    God:    Trog [**....]
Gold:   163        SH:  0    Dex:  9    Spells: 2/2 levels left

rFire    . . .     SeeInvis .   k - +0 hand axe
rCold    . . .     Faith    .   (no shield)
rNeg     . . .     Spirit   .   b - +0 animal skin
rPois    .         Reflect  .   (helmet restricted)
rElec    .         Harm     .   (no cloak)
rCorr    .         Rampage  .   (gloves unavailable)
MR       .....                  (boots unavailable)
Stlth    +.........             (no amulet)
HPRegen  0.52/turn              (no ring)
MPRegen  0.08/turn              (no ring)

@: no status effects
A: large, unfitting armour, claws 3, regeneration 1, shaggy fur 1, tough skin 3
a: Berserk, Trog's Hand, Renounce Religion


You were on level 2 of the Dungeon.
You worshipped Trog.
Trog was pleased with you.
You visited 1 branch of the dungeon, and saw 2 of its levels.

You collected 163 gold pieces.

Inventory:

Hand Weapons
 k - a +0 hand axe (weapon)
Armour
 b - a +0 animal skin (worn)
Scrolls
 a - a scroll of teleportation {unknown}
 f - a scroll of amnesia {unknown}
 h - 2 scrolls of remove curse {unknown}
 i - a scroll of blinking {unknown}
 j - a scroll of random uselessness {unknown}
Potions
 c - 2 potions of attraction {unknown}
 d - a potion of lignification {unknown}
 g - 2 potions of might {unknown}


   Skills:
 + Level 3.1 Fighting
 + Level 2.7 Long Blades
 + Level 2.7 Dodging


You had 2 spell levels left.
You didn't know any spells.
Your spell library was empty.

Dungeon Overview and Level Annotations

Branches:
Dungeon (2/15)

Altars:


Innate Abilities, Weirdness & Mutations

You are too large for most types of armour.
You have claws for hands.
Your natural rate of healing is unusually fast.
You are covered in fur. (AC +1)
You have extremely tough skin. (AC +3)


Message History

You hit the gnoll. x2; The adder bites you.
The gnoll hits you with a cursed -3 flail!
* * * LOW HITPOINT WARNING * * *
The gnoll closely misses you. The adder bites you.
* * * LOW HITPOINT WARNING * * *
You hit the adder.
The adder is severely wounded.
You completely miss the gnoll. You closely miss the gnoll.
The gnoll hits you with a cursed -3 flail.
* * * LOW HITPOINT WARNING * * *
The adder bites you but does no damage. The gnoll hits you with a +0 whip.
* * * LOW HITPOINT WARNING * * *
The gnoll hits you but does no damage.
You closely miss the adder.
The adder is severely wounded.
You hit the gnoll but do no damage. You barely miss the gnoll.
The adder bites you but does no damage. The gnoll closely misses you.
The adder bites you but does no damage.
The gnoll hits you with a cursed -3 flail.
You die...

#........#
#......$.#
.#........#
..>.......#
#.........#
#.....b..#
#....gSg.#
#....†@.<#
##########


You could see 2 gnolls, an adder and a bat.

Vanquished Creatures
  A gnoll (D:2)
  An ooze (D:1)
  A dart slug (D:1)
  A leopard gecko (D:1)
  3 goblins (D:1)
  3 hobgoblins (D:1)
  2 jackals (D:1)
  A ball python (D:1)
  5 bats (D:1)
  3 frilled lizards (D:1)
  4 kobolds (D:1)
  3 rats (D:1)
28 creatures vanquished.

Vanquished Creatures (others)
  12 fungi (D:1)
  4 toadstools (D:1)
16 creatures vanquished.

Grand Total: 44 creatures vanquished

Notes
Turn   | Place    | Note
-------+----------+-------------------------------------------
     0 | D:1      | Crossell the Troll Berserker began the quest for the Orb.
     0 | D:1      | Reached XP level 1. HP: 22/22 MP: 0/0
   501 | D:1      | Reached XP level 2. HP: 28/29 MP: 1/1
   705 | D:1      | Reached ** piety under Trog
   706 | D:1      | Reached XP level 3. HP: 36/36 MP: 2/2
  1179 | D:1      | Reached skill level 3 in Fighting
  1297 | D:2      | Slain by a gnoll

Illustrated notes

Levels and vault maps discovered:
D:1:      kennysheep_arrival_forest, layout_basic, minmay_gold_behind_fungi
D:2:      cheibrodos_fertilizer, layout_rooms, overflow_temple_1_default,
          minmay_liquid_box, uniq_sigmund, uniq_natasha

Skill      XL: |  1  2  3 |
---------------+----------+-----
Fighting       | 3 |  3.1
Long Blades    | |  2.7
Dodging        | |  2.7

Action                   || total
-------------------------++-------
Melee: Club              ||   112
       Falchion          ||     8
       Hand axe          ||    50
Armor: Animal skin       ||    93
Dodge: Dodged            ||   103
       Rpst.: Falchion   ||     2

Table legend: (Time is in decaauts)
 A = Elapsed time spent in this place.
 B = Non-inter-level travel time spent in this place.
 C = Inter-level travel time spent in this place.
 D = Time resting spent in this place.
 E = Time spent auto-exploring this place.
 F = Levels seen in this place.
 G = Mean time per level.
                   A        B        C        D        E       F      G
               +--------+--------+--------+--------+--------+-----+--------+
         Total |   1345 |   1316 |     29 |    249 |      9 |   2 |  672.5 |
       Dungeon |   1345 |   1316 |     29 |    249 |      9 |   2 |  672.5 |
               +--------+--------+--------+--------+--------+-----+--------+

Top non-repeatable levels by time:
     D:1: 1335 daAuts
     D:2: 10 daAuts
